 Dungeon Sprint DCSS version 0.23.2-1-ga50397a (webtiles) character file.

Game seed: 12274743254579014376

110 Kahibar the Skirmisher (level 4, -5/45 HPs)
             Began as a Hill Orc Fighter on May 11, 2019.
             Slain by a yak (12 damage)
             ... in the Dungeon (Sprint I: "Red Sonja").
             The game lasted 00:04:26 (424 turns).

Kahibar the Skirmisher (Hill Orc Fighter)            Turns: 424, Time: 00:04:26

Health: -5/45      AC:  7    Str: 19    XL:     4   Next: 91%
Magic:  4/4        EV:  8    Int:  8    God:
Gold:   0          SH: 10    Dex: 10    Spells: 3/3 levels left

rFire    . . .     SeeInvis .   a - +0 war axe
rCold    . . .     Gourm    .   c - +0 shield
rNeg     . . .     Faith    .   b - +0 scale mail
rPois    .         Spirit   .   (no helmet)
rElec    .         Reflect  .   (no cloak)
rCorr    .         Harm     .   (no gloves)
MR       .....     NoTele   +   (no boots)
Stlth    ..........             (no amulet)
HPRegen  0.15/turn              (no ring)
MPRegen  0.09/turn              (no ring)

@: hasted, very quick
A: no striking features
a: no special abilities


You were in the Dungeon.
You were not hungry.

You visited 1 branch

Inventory:

Hand Weapons
 a - a +0 war axe (weapon)
 l - a +2 dagger of freezing
Armour
 b - a +0 scale mail (worn)
 c - a +0 shield (worn)
 m - a +0 leather armour
Scrolls
 k - a scroll of blinking
Potions
 d - a potion of might
 e - a potion of curing (quivered)
 g - a potion of heal wounds
 i - 2 potions of magic
 j - a potion of berserk rage
Comestibles
 f - a ration


   Skills:
 + Level 6.7 Fighting
 + Level 4.7 Axes
 + Level 6.3 Armour
 + Level 0.1 Dodging
 + Level 6.7 Shields


You had 3 spell levels left.
You didn't know any spells.
Your spell library was empty.

Dungeon Overview and Level Annotations

Branches:
Dungeon (1/1)

Altars:
Cheibriados
Dithmenos
Elyvilon
Fedhas
Gozag
Hepliaklqana
Kikubaaqudgha
Nemelex Xobeh
Okawaru
Qazlal
Ru
Trog
Uskayaw
Yredelemnul
Zin
The Shining One

Shops:
D *

Annotations:
D Sigmund


Message History

There's nothing to close nearby.
Something hits you!
* * * LOW HITPOINT WARNING * * *
You open the door.
Found 54 gold pieces.
Something hits you.
* * * LOW HITPOINT WARNING * * *
There is an open door here.
You see here 27 gold pieces.
You hear a zap.
Some rock shatters into small pieces.
Found Poetrih's Assorted Antiques.
Found eleven altars.
A yak comes into view.
You see here 27 gold pieces.
The yak bellows!
Found three altars.
Found a glowing silver altar of Zin and a white marble altar of Elyvilon.
There is a blossoming altar of Fedhas here.
The yak gores you!
You die...

#############
#<.#..').#..+
#..'..#..'{.#
#..#####'.###
#..####$$#
#..#__#.##
#..#____Y##
#⌠⌠#_.∩@..+
####_..__##
#_____#
#######


You could see a yak.

Vanquished Creatures
  An ogre (D)
  Ijyb (D)
2 creatures vanquished.

Notes
Turn   | Place    | Note
-------+----------+-------------------------------------------
     0 | D        | Kahibar the Hill Orc Fighter began the quest for the Orb.
     0 | D        | Reached XP level 1. HP: 19/19 MP: 1/1
    24 | D        | Noticed Ijyb
    43 | D        | Killed Ijyb
    43 | D        | Reached skill level 5 in Fighting
    43 | D        | Reached XP level 2. HP: 22/29 MP: 2/2
    43 | D        | Reached XP level 3. HP: 28/36 MP: 3/3
   206 | D        | Noticed an ogre
   211 | D        | Killed an ogre
   211 | D        | Reached XP level 4. HP: 32/45 MP: 4/4
   397 | D        | Noticed Sigmund
   421 | D        | Found a blossoming altar of Fedhas.
   421 | D        | Found a stormy altar of Qazlal.
   421 | D        | Found a bloodstained altar of Trog.
   421 | D        | Found Poetrih's Assorted Antiques.
   421 | D        | Found a hide-covered altar of Uskayaw.
   421 | D        | Found a hazy altar of Hepliaklqana.
   421 | D        | Found a basalt altar of Yredelemnul.
   421 | D        | Found an opulent altar of Gozag.
   421 | D        | Found a sparkling altar of Nemelex Xobeh.
   421 | D        | Found a snail-covered altar of Cheibriados.
   421 | D        | Found a sacrificial altar of Ru.
   421 | D        | Found a shadowy altar of Dithmenos.
   422 | D        | Noticed a yak
   422 | D        | Found an iron altar of Okawaru.
   422 | D        | Found a glowing golden altar of the Shining One.
   422 | D        | Found an ancient bone altar of Kikubaaqudgha.
   423 | D        | Found a glowing silver altar of Zin.
   423 | D        | Found a white marble altar of Elyvilon.
   424 | D        | Slain by a yak

Skill      XL: |  1  2  3 |
---------------+----------+-----
Fighting       | 5 6 |  6.7
Axes           | 3 4 |  4.7
Armour         | 4 6 |  6.3
Shields        | 4 6 |  6.7
Dodging        | |  0.1

Action                   |  1- 3 |  4- 6 || total
-------------------------+-------+-------++-------
Melee: War axe           |    22 |     6 ||    28
  Use: Potion            |       |     1 ||     1
Armor: Scale mail        |     9 |     1 ||    10
Dodge: Dodged            |     3 |       ||     3
Block: Shield            |    12 |     1 ||    13
